 Dungeon Crawl Stone Soup version 0.23-a0-49-gd9f7a49 (webtiles) character file.

16 Amnesiac the Digger (level 2, -4/19 HPs)
             Began as a Mummy Earth Elementalist on Aug 6, 2018.
             Slain by a centaur zombie (7 damage)
             ... on level 3 of the Dungeon.
             The game lasted 00:00:57 (408 turns).

Amnesiac the Digger (Mummy Earth Elementalist)       Turns: 408, Time: 00:00:58

Health: -4/19      AC:  2    Str: 11    XL:     2   Next: 37%
Magic:  0/5        EV: 12    Int: 14    God:
Gold:   54         SH:  0    Dex: 12    Spells: 3/6 levels left

rFire    x . .     SeeInvis .   (no weapon)
rCold    + . .     Gourm    .   (no shield)
rNeg     + + +     Faith    .   c - +0 robe
rPois    ∞         Spirit   .   (no helmet)
rElec    .         Reflect  .   (no cloak)
rCorr    .         Harm     .   (no gloves)
MR       .....                  (no boots)
Stlth    ++........             (no amulet)
HPRegen  0.06/turn              (no ring)
MPRegen  0.09/turn              (no ring)

@: no status effects
A: no food or potions, fire vulnerability, cold resistance 1, negative energy
resistance 3, torment resistance, unbreathing
a: no special abilities


You were on level 3 of the Dungeon.
You were not hungry.

You visited 1 branch of the dungeon, and saw 3 of its levels.

You collected 54 gold pieces.

Inventory:

Missiles
 b - 14 stones (quivered)
Armour
 c - a +0 robe (worn)
Scrolls
 a - a scroll of teleportation {!r, unknown}
 d - a scroll of identify {!r, unknown}
 e - a scroll of remove curse {!r, unknown}


   Skills:
 - Level 1.5 Dodging
 - Level 1.5 Stealth
 + Level 2.8 Spellcasting
 - Level 0.7 Transmutations
 + Level 3.1 Earth Magic


You had 3 spell levels left.
You knew the following spells:

 Your Spells              Type           Power        Failure   Level  Hunger
a - Sandblast             Erth           ##....       6%          1    N/A
b - Passwall              Tmut/Erth      #.......     16%         2    N/A

Your spell library contained the following spells:

 Spells                   Type           Power        Failure   Level  Hunger
 Stone Arrow              Conj/Erth      #.....       34%         3    N/A
 Lee's Rapid Deconstruct  Erth           ##........   86%         5    N/A
 Petrify                  Tmut/Erth      #.......     69%         4    N/A

Dungeon Overview and Level Annotations

Branches:
Dungeon (3/15)

Altars:
Ashenzari
Dithmenos


Innate Abilities, Weirdness & Mutations

You do not eat or drink.
Your flesh is vulnerable to fire.
You are immune to poison.
Your flesh is cold resistant. (rC+)
You are immune to negative energy. (rN+++)
You are immune to unholy pain and torment.
You can survive without breathing.


Message History

Found a robe.
You see here a robe.
Magic restored.
d - a scroll labeled OTEAWE JADOANG {!r}
e - a scroll labeled ZORETSAACETH {!r}
Found 10 gold pieces.
Found 4 gold pieces.
You now have 50 gold pieces (gained 10).
Found a war axe.
You now have 54 gold pieces (gained 4).
An adder comes into view.
A centaur zombie comes into view.
You hit the centaur zombie but do no damage.
The centaur zombie barely misses you.
Casting: Sandblast (safe; 6% risk of failure)
Confirm with . or Enter, or press ? or * to list all spells.
Aiming: Sandblast (safe; 6% risk of failure)
Press: ? - help, Shift-Dir - straight line, f - centaur zombie
Aim: a centaur zombie The blast of sand hits the centaur zombie.
The centaur zombie is lightly damaged.
b - 18 stones The centaur zombie barely misses you.
Casting: Sandblast (safe; 6% risk of failure)
Confirm with . or Enter, or press ? or * to list all spells.
Aiming: Sandblast (safe; 6% risk of failure)
Press: ? - help, Shift-Dir - straight line, f/p - centaur zombie
Aim: a centaur zombie (lightly damaged)
The blast of sand hits the centaur zombie.
The centaur zombie is moderately damaged.
b - 17 stones The centaur zombie hits you!
The centaur zombie hits you.
* * * LOW HITPOINT WARNING * * *
Unknown command.
Casting: Sandblast (safe; 6% risk of failure)
Confirm with . or Enter, or press ? or * to list all spells.
Aiming: Sandblast (safe; 6% risk of failure)
Press: ? - help, Shift-Dir - straight line, f/p - centaur zombie
Aim: a centaur zombie (moderately damaged)
The blast of sand hits the centaur zombie.
The centaur zombie is heavily damaged.
b - 16 stones The centaur zombie hits you.
* * * LOW HITPOINT WARNING * * *
Casting: Sandblast (safe; 6% risk of failure)
Confirm with . or Enter, or press ? or * to list all spells.
Aiming: Sandblast (safe; 6% risk of failure)
Press: ? - help, Shift-Dir - straight line, f/p - centaur zombie
Aim: a centaur zombie (heavily damaged)
The blast of sand hits the centaur zombie.
The centaur zombie is heavily damaged.
b - 15 stones The centaur zombie hits you.
* * * LOW HITPOINT WARNING * * *
Unknown command.
Casting: Sandblast (safe; 6% risk of failure)
Confirm with . or Enter, or press ? or * to list all spells.
Aiming: Sandblast (safe; 6% risk of failure)
Press: ? - help, Shift-Dir - straight line, f/p - centaur zombie
Aim: a centaur zombie (heavily damaged)
The blast of sand hits the centaur zombie.
The centaur zombie is severely damaged.
b - 14 stones The centaur zombie hits you!
You die...

### #.## #..##
##..##
##..####
##....####
#### ####....#
..# ##.###
###Z# #..#
#.#@# ####.##
#...# #....#
#.### ##.####
.#### #.# #..#
......#.# #.##
#...#### #.#
##.....# ##.#
##.##.#####..#
#.##.......##


You could see a centaur zombie.

Vanquished Creatures
  An adder (D:2)
  An orc (D:3)
  2 goblins (D:2)
  A kobold (D:2)
  A bat (D:2)
6 creatures vanquished.

Notes
Turn   | Place    | Note
-------+----------+-------------------------------------------
     0 | D:1      | Amnesiac the Mummy Earth Elementalist began the quest for the Orb.
     0 | D:1      | Reached XP level 1. HP: 13/13 MP: 4/4
    98 | D:2      | Found a shattered altar of Ashenzari.
   161 | D:2      | Found a shadowy altar of Dithmenos.
   226 | D:2      | Reached skill level 3 in Earth Magic
   226 | D:2      | Reached XP level 2. HP: 19/19 MP: 3/5
   346 | D:3      | Learned a level 2 spell: Passwall
   408 | D:3      | Slain by a centaur zombie

Vault maps used:
D:1:      minmay_arrival_solitary_statue
D:2:      evilmike_ruin_ashenzari, nicolae_overflow_hidden_temple, uniq_jessica
D:3:      minitemple, patterned_corridor

Skill      XL: |  1 |
---------------+----+-----
Earth Magic    | 3 |  3.1
Dodging        | |  1.5
Stealth        | |  1.5
Spellcasting   | |  2.8
Transmutations | |  0.7

Action                   || total
-------------------------++-------
Melee: Unarmed           ||     6
 Cast: Sandblast         ||    16
Armor: Robe              ||     1
Dodge: Dodged            ||     7

Table legend:
 A = Spawn XP
 B = Non-spawn XP
 C = Spawn XP percentage of total XP
 D = Spawn monster count
 E = Non-spawn monster count
 F = Spawn count percentage of total count
 G = Total turns spent on level
                    A         B        C        D         E        F      G
               +---------+---------+-------+---------+---------+-------+---------
         Total |       0 |      23 |   0.0 |       0 |       6 |   0.0 |   408
               +---------+---------+-------+---------+---------+-------+---------
           D:2 |       0 |      20 |   0.0 |       0 |       5 |   0.0 |   310
           D:3 |       0 |       3 |   0.0 |       0 |       1 |   0.0 |    67
               +---------+---------+-------+---------+---------+-------+---------
